AoeStats
← 17_Neo_

Arabian Desert

510077630Analyzed
1v1 RM · 3d ago on Sep 29, 2026· 51m 3s· 2 players
Game mode
Random Map
Map size
Tiny (2 player)
Population
200
Speed
Normal
Resources
Standard
Victory
Conquest
Starting age
Dark Age
Ending age
Imperial Age
RankedLock teamsTeams togetherTeam positionsShared explorationLock speedFull tech treeHidden civsTurbo modeCheats
Victory
Defeat
🇨🇴 Maya · Colombia
1668
+12
🇨🇴 Portuguese · Colombia
1582
-12
Dr evil
6:26 Loom
8:47 Feudal Age
9:30 Double-Bit Axe
12:08 Fletching
15:39 Padded Archer Armor
23:00 Castle Age
23:42 Bodkin Arrow
29:57 Horse Collar
31:56 Sanctity
32:52 Wheelbarrow
17_Neo_
0:27 Loom
9:37 Feudal Age
10:18 Double-Bit Axe
10:27 Horse Collar
11:27 Town Watch
12:01 Fletching
15:57 Scale Mail Armor
16:01 Padded Archer Armor
26:31 Castle Age
25:02 Gold Mining
26:52 Eagle Warrior
27:32 Squires
27:34 Scale Mail Armor
27:44 Forging
28:29 Chain Mail Armor
43:10 Wheelbarrow
42:46 Bow Saw
43:21 Arson
46:15 Heavy Plow
50:50 Imperial Age
48:36 Bodkin Arrow
50:58 Onager
Connection lost

Rejoining the realm…

Still unreachable

The connection could not be restored.

Session expired

The server has moved on; the page needs a fresh start.